 Dungeon Crawl Stone Soup version 0.28-a0-691-gad6df49e81 (webtiles) character file.

Game seed: 4840799718366498515

299 KoroneIsBestGirl the Covered (level 6, -2/51 HPs)
             Began as a Barachi Fighter on Oct 21, 2021.
             Was a Believer of Fedhas.
             Splashed by a jelly's acid (8 damage)
             ... on level 3 of the Dungeon.
             The game lasted 00:03:28 (3075 turns).

KoroneIsBestGirl the Covered (Barachi Fighter)      Turns: 3075, Time: 00:03:29

Health: -2/51      AC: -4    Str: 19    XL:     6   Next: 36%
Magic:  3/6        EV:  9    Int:  9    God:    Fedhas [**....]
Gold:   102        SH:  5    Dex: 11    Spells: 5/5 levels left

rFire   . . .      SeeInvis .   k - +2 short sword (protect)
rCold   . . .      Faith    .   c - +0 buckler
rNeg    . . .      Spirit   .   b - +0 scale mail
rPois   .          Reflect  .   (no helmet)
rElec   .          Harm     .   (no cloak)
rCorr   .          Rampage  .   (no gloves)
Will    .....                   (no boots)
Stlth   ..........              (no amulet)
HPRegen 0.17/turn               (no ring)
MPRegen 0.10/turn               (no ring)

@: corroded, unable to hop, slow
A: amphibious, slowness 1, strong legs 1, +LOS
a: Hop, Renounce Religion, Wall of Briars


You were on level 3 of the Dungeon.
You worshipped Fedhas.
Fedhas was pleased with you.
You visited 1 branch of the dungeon, and saw 3 of its levels.

You collected 102 gold pieces.

Inventory:

Hand Weapons
 a - a +0 long sword
 k - a +2 short sword of protection (weapon)
Armour
 b - a +0 scale mail (worn)
 c - a +0 buckler (worn)
Scrolls
 e - 3 scrolls of identify {unknown}
 g - a scroll of vulnerability {unknown}
 i - a scroll of enchant armour {unknown}
Potions
 d - a potion of flight {unknown}
 f - a potion of attraction {unknown}
 h - 2 potions of curing {unknown}
 j - a potion of haste {unknown}


   Skills:
 + Level 5.1 Fighting
 + Level 4.3 Long Blades
 + Level 5.2 Armour
 + Level 4.7 Shields


You had 5 spell levels left.
You didn't know any spells.
Your spell library contained the following spells:

 Spells                   Type           Power      Damage    Failure   Level
 Animate Skeleton         Necr           0%         N/A       75%         1
 Pain                     Necr           0%         1d4       75%         1
 Slow                     Hex            0%         N/A       86%         2
 Confusing Touch          Hex            0%         N/A       98%         3
 Vampiric Draining        Necr           0%         2d6       98%         3


Dungeon Overview and Level Annotations

Branches:
Dungeon (3/15)

Altars:
Fedhas

Shops:
D:1 (


Innate Abilities, Weirdness & Mutations

You are amphibious.
You cover ground slowly.
You can hop short distances.
You have an extended range of vision and can be seen from far away.


Message History

The jelly is heavily wounded.
A nearby fungus withers and dies.
The jelly hits you.
You are splashed with acid!
* * * LOW HITPOINT WARNING * * *
The endoplasm closely misses you. The jelly barely misses you.
You are too injured to fight recklessly!
You are too injured to fight recklessly!
You are too injured to fight recklessly!
You are too injured to fight recklessly!
You are too injured to fight recklessly!
You are too injured to fight recklessly!
You are too injured to fight recklessly!
You are too injured to fight recklessly!
You are too injured to fight recklessly!
You are too injured to fight recklessly!
You are too injured to fight recklessly!
You are too injured to fight recklessly!
You are too injured to fight recklessly!
You are too injured to fight recklessly!
You are too injured to fight recklessly!
You are too injured to fight recklessly!
You are too injured to fight recklessly!
You block the jelly's attack.
Okay, then.
Items here: ( )) †.
The jelly hits you.
* * * LOW HITPOINT WARNING * * *
The acid corrodes you!
You are splashed with acid!
* * * LOW HITPOINT WARNING * * *
Hop to where?
Press: ? - help, Dir - move target Boing!
There is an open door here.
The jelly closely misses you.
A briar patch grows up from the ground. x7; You block the jelly's attack.
You walk carefully through the plants.
The jelly hits you.
* * * LOW HITPOINT WARNING * * *
You are splashed with acid!
You die...
Fedhas appreciates your contribution to the ecosystem.

#.#
##.####..##.#.#
#)#
#.))....##.#.#
#.#
###)###..##.#.#
#†#
#.....##.##.#.#
#.#
##'''###..#.#.#
#.#
##...####.#.#.#
#.###.....##
...#.#
..##.......#
...#.# #
####..P@P..#
...#.# #
#..PJP..# .#.# #
#..P.P..# #.# #
#....#### #.# #
#....'..## #.# #
########.##..#.#
#
##JJJ.).###..#.#
####### #J#######
#..#.# ......<
#J..JJ.÷..##..#.#


You could see a jelly (ally target).

Vanquished Creatures
  Sigmund (D:3)
  Jessica (D:3)
  Natasha (D:3)
  An adder (D:3)
  2 dart slugs (D:2)
  5 orcs (D:3)
  4 endoplasms
  3 giant cockroaches
  6 hobgoblins
  8 jackals (D:3)
  6 ball pythons
  5 bats
  3 frilled lizards
  5 goblins
  10 kobolds
  A rat (D:1)
62 creatures vanquished.

Vanquished Creatures (collateral kills)
  An orc (D:3)
  A goblin (D:3)
  A jackal (D:3)
3 creatures vanquished.

Vanquished Creatures (others)
  3 fungi (D:3)
  7 toadstools (D:3)
10 creatures vanquished.

Grand Total: 75 creatures vanquished

Notes
Turn   | Place    | Note
-------+----------+-------------------------------------------
     0 | D:1      | KoroneIsBestGirl the Barachi Fighter began the quest for
                  | the Orb.
     0 | D:1      | Reached XP level 1. HP: 18/18 MP: 1/1
   292 | D:1      | Found a faded altar of an unknown god.
   298 | D:1      | Prayed at the altar of an unknown god.
   298 | D:1      | Became a worshipper of Fedhas Madash
   298 | D:1      | Reached * piety under Fedhas
   337 | D:1      | Reached XP level 2. HP: 25/25 MP: 2/2
  1127 | D:1      | Found Kaoklang's Weapon Emporium.
  1317 | D:2      | Reached XP level 3. HP: 30/30 MP: 3/3
  1508 | D:3      | Reached ** piety under Fedhas
  1719 | D:3      | Noticed Sigmund
  1728 | D:3      | HP: 1/30 [Sigmund (7)]
  1732 | D:3      | Killed Sigmund
  1733 | D:3      | Reached XP level 4. HP: 2/38 MP: 4/4
  1733 | D:3      | Reached XP level 5. HP: 2/43 MP: 5/5
  2105 | D:3      | HP: 2/43 [jackal (2)]
  2500 | D:3      | Reached skill level 5 in Fighting
  2545 | D:3      | Noticed Natasha
  2550 | D:3      | Reached skill level 5 in Armour
  2553 | D:3      | Killed Natasha
  2554 | D:3      | Reached XP level 6. HP: 29/51 MP: 6/6
  2825 | D:3      | Noticed Jessica
  2942 | D:3      | Killed Jessica
  3075 | D:3      | Splashed by a jelly's acid

Illustrated notes

Levels and vault maps discovered:
D:1:      evilmike_arrival_rings, layout_basic,
          dreamdust_ecumenical_altar_angels_and_demons, serial_shops, shop,
          minmay_misc_feat_tower
D:2:      layout_rooms
D:3:      cheibrodos_fertilizer, layout_basic, minmay_bisected, uniq_sigmund,
          uniq_jessica, uniq_natasha

Skill      XL: |  1  2  3  4  5 |
---------------+----------------+-----
Fighting       | 4 5 |  5.1
Armour         | 4 5 |  5.2
Long Blades    | 4 |  4.3
Shields        | 4 |  4.7

Action                   |  1- 3 |  4- 6 || total
-------------------------+-------+-------++-------
Melee: Long sword        |    77 |    83 ||   160
       Short sword       |       |    14 ||    14
Invok: Wall of Briars    |       |     2 ||     2
 Abil: Hop               |       |     1 ||     1
  Use: Potion            |     1 |       ||     1
Armor: Scale mail        |    36 |    47 ||    83
Dodge: Dodged            |    29 |    56 ||    85
Block: Buckler           |    16 |    33 ||    49

Table legend: (Time is in decaauts)
 A = Elapsed time spent in this place.
 B = Non-inter-level travel time spent in this place.
 C = Inter-level travel time spent in this place.
 D = Time resting spent in this place.
 E = Time spent auto-exploring this place.
 F = Levels seen in this place.
 G = Mean time per level.
                   A        B        C        D        E       F      G
               +--------+--------+--------+--------+--------+-----+--------+
         Total |   3414 |   3392 |     22 |      0 |   2942 |   3 | 1138.0 |
       Dungeon |   3414 |   3392 |     22 |      0 |   2942 |   3 | 1138.0 |
               +--------+--------+--------+--------+--------+-----+--------+

Top non-repeatable levels by time:
     D:3: 1715 daAuts
     D:1: 1384 daAuts
     D:2: 314 daAuts
